 Dungeon Crawl Stone Soup version 0.32-a0-7-ge934b4519a (webtiles) character file.

Game seed: 18318801862454576105

109 veles2001 the Trooper (level 4, -3/37 HPs)
             Began as a Human Cinder Acolyte on Jan 14, 2024.
             Was a High Priest of Ignis.
             Slain by a gnoll
             ... wielding a +0 spear
              (5 damage)
             ... on level 3 of the Dungeon.
             The game lasted 00:06:13 (2084 turns).

veles2001 the Trooper (Human Cinder Acolyte)        Turns: 2084, Time: 00:06:14

Health: -3/37      AC:  6    Str: 16    XL:     4   Next: 90%
Magic:  5/5        EV: 10    Int: 15    God:    Ignis [*****.]
Gold:   91         SH:  0    Dex:  8    Spells: 5/5 levels left

rFire   + . .        l - +0 flail
rCold   . . .        (no shield)
rNeg    . . .        c - +0 ring mail
rPois   .            (no helmet)
rElec   .            (no cloak)
rCorr   .            j - +0 pair of gloves
SInv    .            (no boots)
Will    .....        (no amulet) Stlth
                     (no ring)
HPRegen 0.26/turn    (no ring)
MPRegen 0.09/turn

%: no passive effects
@: confused
A: explore regen
a: Renounce Religion, Fiery Armour, Foxfire Swarm, Rising Flame


You were on level 3 of the Dungeon.
You worshipped Ignis.
Ignis was extremely pleased with you.
You visited 1 branch of the dungeon, and saw 3 of its levels.

You collected 91 gold pieces.

Inventory:

Hand Weapons
 a - a -1 spear of flaming
 f - a +0 club
 l - a +0 flail (weapon)
Armour
 b - a +0 robe
 c - a +0 ring mail (worn)
 j - a +0 pair of gloves (worn)
Scrolls
 e - a scroll of vulnerability {unknown}
 g - a scroll of fear {unknown}
 k - a scroll of poison {unknown}
 m - a scroll of identify {unknown}
Potions
 d - 2 potions of heal wounds {unknown}
 h - a potion of lignification {unknown}
 i - a potion of attraction {unknown}


   Skills:
 + Level 3.9 Fighting
 * Level 1.8 Maces & Flails
 - Level 3.5 Polearms
 + Level 1.0 Armour
 + Level 1.0 Dodging
 + Level 0.2 Stealth
 + Level 1.0 Spellcasting
 + Level 3.2 Fire Magic


You had 5 spell levels left.
You didn't know any spells.
Your spell library contained the following spells:

 Spells                   Type           Power      Damage    Failure   Level
 Scorch                   Fire           20%        2d5       19%         2
 Fugue of the Fallen      Necr           0%         N/A       80%         3
 Ozocubu's Armour         Ice            0%         N/A       80%         3
 Manifold Assault         Tloc           0%         N/A       99%         4


Dungeon Overview and Level Annotations

Branches:
Dungeon (3/15)

Altars:

Shops:
D:1 !


Innate Abilities, Weirdness & Mutations

You regain HP and MP as you explore.


Message History

You are confused.
You're too confused to move!
The jackal closely misses you. The gnoll closely misses you.
The goblin hits you with a +0 dagger.
The orc wizard points at you and mumbles some strange words.
You resist with some effort.
The jackal bites you but does no damage.
The gnoll hits you from afar with a +0 spear.
The orc wizard casts a spell at you. You resist with some effort.
You bump into the rock wall.
The jackal closely misses you.
The gnoll hits you from afar with a +0 spear.
The orc wizard hits you with a +0 dagger.
The jackal barely misses you.
You're too confused to move!
The gnoll closely misses you.
The jackal bites you but does no damage.
The orc wizard gestures at you while chanting.
You are more confused.
Okay, then.
You bump into the granite statue.
The jackal bites you.
The gnoll hits you from afar with a +0 spear.
* * * LOW HITPOINT WARNING * * *
The orc wizard closely misses you.
The orc wizard casts a spell.
The orc wizard flickers and vanishes!
Deactivating autopickup; reactivate with Ctrl-A.
The jackal bites you but does no damage.
The jackal attacks as it pursues you!
The jackal bites you but does no damage.
The gnoll hits you from afar with a +0 spear.
* * * LOW HITPOINT WARNING * * *
The jackal bites you but does no damage.
Okay, then.
You bump into the rock wall.
The jackal bites you but does no damage.
The gnoll hits you from afar with a +0 spear!
* * * LOW HITPOINT WARNING * * *
The jackal bites you but does no damage. x2
You bump into the rock wall.
The jackal barely misses you.
The gnoll hits you from afar with a +0 spear.
You die...

#########
#...<.og#
#.8...8h#
#....{h@#
#.8..g8.#
#.......#
#.8...8.#
#.......#
####'####
#)[# #.##
#.#


You could see a gnoll, an orc, 2 jackals and a goblin.

Vanquished Creatures
  An orc wizard (D:3)
  A gnoll (D:1)
  2 adders (D:2)
  5 dart slugs
  A ribbon worm (D:2)
  2 orcs
  3 bats
  3 endoplasms
  A giant cockroach (D:3)
  6 goblins
  A hobgoblin (D:1)
  4 jackals (D:1)
  3 kobolds
  2 quokkas
  3 ball pythons
  A frilled lizard (D:1)
  3 rats
42 creatures vanquished.

Notes
Turn   | Place    | Note
-------+----------+-------------------------------------------
     0 | D:1      | veles2001 the Human Cinder Acolyte began the quest for the
                  | Orb.
     0 | D:1      | Reached XP level 1. HP: 18/18 MP: 2/2
    45 | D:1      | Found Nioxacku's Distillery.
   103 | D:1      | Reached XP level 2. HP: 15/24 MP: 3/3
   413 | D:1      | Reached XP level 3. HP: 26/29 MP: 4/4
  1154 | D:2      | Reached skill level 1 in Maces & Flails
  1469 | D:2      | Reached XP level 4. HP: 35/35 MP: 5/5
  1787 | D:2      | Reached skill level 1 in Dodging
  1825 | D:3      | Reached skill level 1 in Armour
  2084 | D:3      | Slain by a gnoll

Illustrated notes

Levels and vault maps discovered:
D:1:      amcnicky_arrival_double_pillar, layout_basic, serial_shops, shop,
          minmay_misc_feat_rugged
D:2:      layout_basic
D:3:      layout_loops_ring, nicolae_kikubaaqudgha_miasma_corner,
          grunt_ministairs_3, minmay_snake_closets, uniq_ijyb

Skill      XL: |  1  2  3  4 |
---------------+-------------+-----
Maces & Flails | 1 |  1.8
Dodging        | 1 |  1.0
Armour         | 1 |  1.0
Fighting       | |  3.9
Polearms       | |  3.5
Stealth        | |  0.2
Spellcasting   | |  1.0
Fire Magic     | |  3.2

Action                     |  1- 3 |  4- 6 || total
---------------------------+-------+-------++-------
  Melee: Spear             |    25 |       ||    25
         Club              |   135 |     7 ||   142
         Flail             |       |    44 ||    44
 Armour: Robe              |    12 |       ||    12
         Ring mail         |   126 |    81 ||   207
  Dodge: Dodged            |   121 |    54 ||   175

Table legend: (Time is in decaauts)
 A = Elapsed time spent in this place.
 B = Non-inter-level travel time spent in this place.
 C = Inter-level travel time spent in this place.
 D = Time resting spent in this place.
 E = Time spent auto-exploring this place.
 F = Levels seen in this place.
 G = Mean time per level.
                   A        B        C        D        E       F      G
               +--------+--------+--------+--------+--------+-----+--------+
         Total |   2135 |   2049 |     86 |    403 |   1057 |   3 |  711.7 |
       Dungeon |   2135 |   2049 |     86 |    403 |   1057 |   3 |  711.7 |
               +--------+--------+--------+--------+--------+-----+--------+

Top non-repeatable levels by time:
     D:1: 1094 daAuts
     D:2: 973 daAuts
     D:3: 67 daAuts
